 Dungeon Crawl Stone Soup version 0.30.0-29-ga12c61a403 (webtiles) character file.

Game seed: 3990232541135359457

16711 cheesebisquit the Grappler (level 12, -31/122 HPs)
             Began as a Troll Fighter on June 11, 2023.
             Was an Elder of Wu Jian.
             Annihilated by an enormous slime creature (68 damage)
             ... on level 12 of the Dungeon.
             The game lasted 00:39:27 (10954 turns).

cheesebisquit the Grappler (Troll Fighter)         Turns: 10954, Time: 00:39:28

Health: -31/122    AC: 11    Str: 27    XL:     12   Next: 12%
Magic:  11/11      EV: 10    Int:  8    God:    Wu Jian [****..]
Gold:   844        SH: 11    Dex:  9    Spells: 11/11 levels left

rFire   + .          .
                       - Unarmed
rCold   + . .        b - +1 kite shield
rNeg    . . .        F - +0 troll leather armour
rPois   .            O - +1 hat
rElec   .            f - scarf {rC+ rF+}
rCorr   .            (gloves unavailable)
SInv    .            (boots unavailable)
Will    +....        (no amulet)
Stlth   +            i - ring of willpower
HPRegen 2.00/turn    L - +4 ring of protection
MPRegen 0.12/turn

%: no passive effects
@: no status effects
A: large, unfitting armour, claws 3, regeneration 1, shaggy fur 1, tough skin 1
a: Renounce Religion, Wall Jump, Serpent's Lash


You were on level 12 of the Dungeon.
You worshipped Wu Jian.
Wu Jian was greatly pleased with you.
You visited 2 branches of the dungeon, and saw 13 of its levels.

You collected 844 gold pieces.

Inventory:

Hand Weapons
 p - a +1 dagger of venom
 q - the +6 mace of Unluodel {pain, rC+}
   (You found it on level 2 of the Dungeon)

   rC:        It protects you from cold.
 r - a +2 dagger of electrocution
 M - a +2 dagger of venom
 T - a +1 giant spiked club of flaming
Missiles
 h - 39 poisoned darts (quivered)
 x - 2 throwing nets
 C - 13 boomerangs
 P - 6 curare-tipped darts
 U - 3 large rocks
Armour
 b - a +1 kite shield (worn)
 f - a scarf of resistance (worn)
 F - a +0 troll leather armour (worn)
 O - a +1 hat (worn)
Jewellery
 i - a ring of willpower (left claw)
 j - a ring of resist corrosion
 t - a ring of willpower
 L - a +4 ring of protection (right claw)
 N - a ring of flight
 Q - a +6 ring of strength
Wands
 y - a wand of flame (42)
 H - a wand of iceblast (5)
 J - a wand of polymorph (3)
Scrolls
 a - 2 scrolls of poison
 c - a scroll of fog
 g - 2 scrolls of magic mapping
 m - a scroll of noise {unknown}
 n - 4 scrolls of vulnerability
 o - a scroll of amnesia
 s - a scroll of brand weapon
 v - a scroll of fear
 z - 3 scrolls of immolation
 A - 2 scrolls of torment {unknown}
 E - 4 scrolls of teleportation
 G - 2 scrolls of blinking
Potions
 d - 4 potions of magic
 e - 3 potions of lignification
 k - 2 potions of attraction
 l - 5 potions of curing
 u - 2 potions of mutation
 w - a potion of flight
 B - a potion of cancellation
 D - 3 potions of brilliance
 I - 2 potions of ambrosia
 K - a potion of invisibility
 R - 3 potions of resistance


   Skills:
 + Level 8.3 Fighting
 + Level 6.6 Dodging
 + Level 9.1 Shields
 * Level 13.3 Unarmed Combat


You had 11 spell levels left.
You didn't know any spells.
Your spell library contained the following spells:

 Spells                   Type           Power      Damage    Failure   Level
 Apportation              Tloc           0%         N/A       63%         1
 Magic Dart               Conj           0%         1d3       63%         1
 Necrotise                Necr           0%         1d4       63%         1
 Summon Small Mammal      Summ           0%         N/A       63%         1
 Lesser Beckoning         Tloc           0%         N/A       77%         2
 Searing Ray              Conj           0%         2d4       77%         2
 Dazzling Flash           Conj/Hex       0%         N/A       94%         3
 Gell's Gravitas          Tloc           0%         N/A       94%         3
 Teleport Other           Tloc           0%         N/A       94%         3
 Tukima's Dance           Hex            0%         N/A       94%         3
 Animate Dead             Necr           0%         N/A       100%        4
 Fulminant Prism          Conj/Hex       0%         3d5       100%        4
 Passage of Golubria      Tloc           0%         N/A       100%        4
 Agony                    Necr           0%         N/A       100%        5
 Borgnjor's Vile Clutch   Necr/Erth      0%         N/A       100%        5
 Silence                  Hex/Air        0%         N/A       100%        5
 Yara's Violent Unravell  Hex/Tmut       0%         3d3       100%        5
 Death Channel            Necr           0%         N/A       100%        6
 Dispersal                Tloc           0%         N/A       100%        6


Dungeon Overview and Level Annotations

Branches:
Dungeon (12/15)            Temple (1/1) D:4            Lair (0/5) D:10
    Orc (0/2) D:11

Altars:
Ashenzari
Cheibriados
Dithmenos
Elyvilon
Fedhas
Gozag
Hepliaklqana
Kikubaaqudgha
Makhleb
Nemelex Xobeh
Okawaru
Qazlal
Ru
Sif Muna
Trog
Uskayaw
Vehumet
Wu Jian
Xom
Yredelemnul
Zin
The Shining One

Shops:
D:7 :


Innate Abilities, Weirdness & Mutations

You are too large for most types of armour.
You have claws for hands.
Your natural rate of healing is unusually fast.
You are covered in fur. (AC +1)
You have tough skin. (AC +1)


Message History

The large slime creature is severely wounded.
The large slime creature hits you!!!
Two slime creatures merge to form a very large slime creature.
The slime creature quivers.
The slime creature quivers.
The slime creature hits you.
Two slime creatures merge to form a large slime creature.
The slime creature quivers.
You scratch the large slime creature but do no damage.
The large slime creature is moderately wounded.
You mangle the large slime creature!!
The large slime creature is heavily wounded.
Two slime creatures merge to form a very large slime creature.
You scratch the very large slime creature.
The very large slime creature is heavily wounded.
You mangle the very large slime creature!!
The very large slime creature is heavily wounded.
You block the very large slime creature's attack.
Two slime creatures merge to form an enormous slime creature.
You mangle the enormous slime creature!!
The enormous slime creature is severely wounded.
You scratch the enormous slime creature but do no damage.
The enormous slime creature is severely wounded.
You mangle the enormous slime creature!!
The enormous slime creature is severely wounded.
You mangle the enormous slime creature!!
The enormous slime creature is almost dead.
You block the enormous slime creature's attack.
You completely miss the enormous slime creature.
The enormous slime creature is almost dead.
The enormous slime creature hits you!!
You scratch the enormous slime creature.
The enormous slime creature is almost dead.
The enormous slime creature hits you!!!
Ouch! That really hurt!
* * * LOW HITPOINT WARNING * * *
The enormous slime creature attacks as you move away!
The enormous slime creature hits you!!!
Ouch! That really hurt!
You die...

##.##.{{K#..#..##
...#####....#...## ...#
#.5h......### # ...#
#..##....##. . ..<#
##..##...##. .# ...#
#.......##. ##.# ####
#.###...#.# ..# # .####
#.###...#.##..# ##.
....###.##.....#@J## ##..
###.....##.#..#.##..#..# #
#...#.##......#.##..#..# .#
.[###.........##. ##.# .# #
### ####.......##.##.##.# .#
# ##.........##..#..# ...
######...........###.###..#
........[...##...........###
######.##.####..............


You could see an enormous slime creature.

Vanquished Creatures
  5 two-headed ogres
  A cyclops (D:11)
  2 deep elf pyromancers
  An ugly thing (D:12)
  A manticore (D:11)
  A gargoyle (D:11)
  An unseen horror (D:10)
  5 kobold demonologists
  A komodo dragon (D:12)
  A rime drake (D:9)
  3 trolls
  A polar bear (D:9)
  A hornet (D:6)
  3 slime creatures (D:12)
  A shadow (D:9)
  A vampire (D:11)
  4 wraiths (D:12)
  A basilisk (D:11)
  5 yaks (D:9)
  A human (D:11)
  A steam dragon (D:6)
  5 vampire mosquitoes
  A warg (D:11)
  2 acid dragons
  2 water moccasins
  4 orc warriors
  6 ice beasts
  A sky beast (D:7)
  3 wolves (D:10)
  5 kobold brigands
  4 bullfrogs
  6 gnoll sergeants
  A scorpion (D:6)
  3 wights (D:8)
  15 killer bees
  3 howler monkeys
  4 crimson imps (D:5)
  A lava snake (D:7)
  4 hounds
  6 orc priests
  2 jellies
  Terence (D:2)
  4 iguanas
  Natasha (thrice) (D:2)
  9 orc wizards
  Robin (D:3)
  26 gnolls
  7 adders
  A shadow imp (D:5)
  3 worms
  2 dart slugs
  27 orcs
  13 ball pythons
  8 endoplasms
  4 giant cockroaches
  17 goblins
  11 hobgoblins
  10 jackals
  A quokka (D:2)
  5 bats
  7 frilled lizards
  26 kobolds
  11 rats
316 creatures vanquished.

Notes
Turn   | Place    | Note
-------+----------+-------------------------------------------
     0 | D:1      | cheesebisquit the Troll Fighter began the quest for the
                  | Orb.
     0 | D:1      | Reached XP level 1. HP: 22/22 MP: 0/0
    94 | D:1      | Reached XP level 2. HP: 29/29 MP: 1/1
   585 | D:1      | Reached XP level 3. HP: 36/36 MP: 2/2
   795 | D:1      | Reached skill level 3 in Unarmed Combat
   959 | D:2      | Found a broken altar of Ashenzari.
  1021 | D:2      | Noticed Natasha
  1043 | D:2      | Killed Natasha
  1044 | D:2      | Reached XP level 4. HP: 43/44 MP: 3/3
  1295 | D:2      | Identified the +6 mace of Unluodel {pain, rC+}
  1321 | D:2      | Noticed Terence
  1336 | D:2      | Killed Terence
  1340 | D:2      | Reached skill level 4 in Unarmed Combat
  1340 | D:2      | Reached XP level 5. HP: 53/53 MP: 4/4
  1413 | D:2      | Noticed Natasha
  1418 | D:2      | Killed Natasha
  1744 | D:2      | Noticed Natasha
  1755 | D:2      | Killed Natasha
  1849 | D:2      | Found a faded altar of an unknown god.
  2140 | D:3      | Noticed Robin
  2229 | D:3      | Killed Robin
  2303 | D:3      | Reached XP level 6. HP: 60/61 MP: 5/5
  2751 | D:3      | Found an iron altar of Okawaru.
  3141 | D:4      | Reached skill level 5 in Unarmed Combat
  3143 | D:4      | Found a staircase to the Ecumenical Temple.
  3153 | Temple   | Entered the Ecumenical Temple
  3163 | Temple   | Became a worshipper of the Wu Jian Council
  3580 | D:4      | Reached XP level 7. HP: 60/68 MP: 6/6
  3671 | D:5      | Entered Level 5 of the Dungeon
  3883 | D:5      | Found a shadowy altar of Dithmenos.
  4050 | D:5      | Found a shimmering altar of Xom.
  4057 | D:5      | Reached skill level 6 in Unarmed Combat
  4153 | D:5      | Found a shimmering blue altar of Sif Muna.
  4153 | D:5      | Found a snail-covered altar of Cheibriados.
  4154 | D:5      | Found a broken altar of Ashenzari.
  4575 | D:5      | Reached * piety under Wu Jian
  4808 | D:6      | Reached XP level 8. HP: 54/79 MP: 7/7
  4822 | D:6      | Reached skill level 5 in Shields
  4822 | D:6      | Reached skill level 7 in Unarmed Combat
  4942 | D:6      | Reached skill level 5 in Fighting
  5105 | D:6      | Noticed a hornet
  5107 | D:6      | Paralysed by a hornet for 2 turns
  5112 | D:6      | Paralysed by a hornet for 1 turns
  5116 | D:6      | Killed a hornet
  5117 | D:6      | Reached skill level 8 in Unarmed Combat
  5763 | D:7      | Identified the +0 helmet of Feral Miracles {MP-9 Str+6}
  6148 | D:7      | Reached XP level 9. HP: 88/88 MP: 8/8
  6323 | D:7      | Found Voqopeg's Book Boutique.
  6399 | D:8      | Identified the +3 sling "Upisk" {flame, rN+ Will+ Dex-2
                  | Stlth+}
  6446 | D:8      | Reached skill level 9 in Unarmed Combat
  7237 | D:9      | Noticed a kobold demonologist
  7237 | D:9      | Noticed a troll
  7273 | D:9      | Found a stormy altar of Qazlal.
  7318 | D:9      | Killed a troll
  7486 | D:9      | Reached ** piety under Wu Jian
  7490 | D:9      | Reached skill level 10 in Unarmed Combat
  7742 | D:9      | Reached XP level 10. HP: 100/100 MP: 9/9
  7858 | D:9      | Noticed a sun demon
  8071 | D:9      | Found a glowing silver altar of Zin.
  8071 | D:9      | Found an ancient bone altar of Kikubaaqudgha.
  8103 | D:10     | Entered Level 10 of the Dungeon
  8128 | D:10     | Found a staircase to the Lair.
  8141 | D:10     | Noticed a two-headed ogre
  8281 | D:9      | Reached skill level 11 in Unarmed Combat
  8571 | D:10     | Reached *** piety under Wu Jian
  8621 | D:10     | Reached skill level 5 in Dodging
  8703 | D:10     | Found a sparkling altar of Nemelex Xobeh.
  8807 | D:10     | Noticed a two-headed ogre
  8818 | D:10     | Killed a two-headed ogre
  8861 | D:10     | Found the +5 woodcutter's axe
  8893 | D:10     | Killed a two-headed ogre
  8894 | D:10     | Reached XP level 11. HP: 80/109 MP: 10/10
  8938 | D:10     | Found a hazy altar of Hepliaklqana.
  8938 | D:10     | Noticed a two-headed ogre
  8945 | D:10     | Killed a two-headed ogre
  9125 | D:11     | Noticed a deep elf pyromancer
  9130 | D:10     | Killed a deep elf pyromancer
  9458 | D:11     | Noticed a two-headed ogre
  9464 | D:11     | Reached skill level 12 in Unarmed Combat
  9482 | D:11     | Killed a two-headed ogre
  9562 | D:11     | Found a staircase to the Orcish Mines.
  9583 | D:11     | Reached **** piety under Wu Jian
 10279 | D:12     | Noticed a purple ugly thing
 10290 | D:12     | Killed a purple ugly thing
 10520 | D:12     | Noticed a deep elf pyromancer
 10527 | D:12     | Killed a deep elf pyromancer
 10612 | D:12     | Reached skill level 13 in Unarmed Combat
 10616 | D:12     | Noticed a sun demon
 10701 | D:12     | Noticed a two-headed ogre
 10744 | D:12     | Killed a two-headed ogre
 10745 | D:12     | Reached XP level 12. HP: 102/120 MP: 11/11
 10954 | D:12     | Annihilated by an enormous slime creature

Illustrated notes

Levels and vault maps discovered:
D:1:      dpeg_arrival_refuge, layout_loops_corners, st_stairs_11,
          minmay_quantized
D:2:      layout_loops_corners, basic_altar,
          dreamdust_ecumenical_altar_hidden_monk_grotto,
          dreamdust_mushroom_princess, minmay_misc_feat_room,
          kennysheep_flooded_box, chequers_serial_rivers_micro_a,
          chequers_serial_rivers_large_a, minmay_misc_feat_ornament,
          st_stairs_5, uniq_terence, uniq_natasha
D:3:      layout_loops_corners, okawaru_metal_pillars_1_2, grunt_ministairs_3,
          grunt_decor_resistance, uniq_robin
D:4:      layout_cave_pools, minmay_temple_entry_offerings,
          kennysheep_generic_room_8
D:5:      layout_basic, gammafunk_temple_overflow_claw,
          nicolae_overflow_hidden_temple, led_xom_imps, dk_noncrumbling_3,
          kennysheep_generic_room_16
D:6:      layout_basic
D:7:      layout_basic, serial_shops, nicolae_diamond_shop, corner_web_ring,
          kennysheep_path_1, small_statue_intersection
D:8:      layout_loops_ring
D:9:      layout_roguey, mainiacjoe_overflow_paths,
          gammafunk_temple_overflow_wave
D:10:     layout_rooms, kennysheep_little_box,
          mainiacjoe_overflow_surrounded_room, hellmonk_lair_entry_icy
D:11:     layout_gridville, erik_orc_4
D:12:     minmay_the_grid_octo_2x2 [minmay_the_grid_octo_odd_swirl,
          minmay_the_grid_octo_checkerflower, minmay_the_grid_octo_fan_narrow,
          minmay_the_grid_octo_prize_single_spiral], layout_rooms
Temple:   hellmonk_temple_of_storms

Skill      XL: |  1  2  3  4  5  6  7  8  9 10 11 |
---------------+----------------------------------+-----
Shields        | 3 4 5 6 7 9 |  9.1
Unarmed Combat | 3 4 5 6 8 10 11 13 | 13.3
Fighting       | 3 4 5 6 7 8 |  8.3
Dodging        | 3 5 6 |  6.6

Action                     |  1- 3 |  4- 6 |  7- 9 | 10-12 || total
---------------------------+-------+-------+-------+-------++-------
  Melee: Unarmed           |   101 |   221 |   268 |   463 ||  1053
  Throw: Dart              |       |     6 |    27 |    48 ||    81
         Boomerang         |       |       |     3 |       ||     3
         Throwing net      |       |       |       |     1 ||     1
Ability: Lunge             |       |     1 |    19 |    31 ||    51
         Whirlwind         |       |       |     1 |     1 ||     2
         Wall Jump         |       |       |       |     1 ||     1
    Use: Potion            |     2 |       |     6 |     2 ||    10
         Scroll            |     1 |     6 |    14 |     8 ||    29
   Stab: Sleeping          |       |     3 |     1 |       ||     4
 Armour: Robe              |    25 |    28 |       |       ||    53
         Animal skin       |       |    27 |    16 |       ||    43
         Steam dragon scal |       |       |    55 |    34 ||    89
         Acid dragon scale |       |       |       |    45 ||    45
         Troll leather arm |       |       |       |    21 ||    21
  Dodge: Dodged            |    37 |    68 |    85 |   145 ||   335
  Block: Kite shield       |    39 |    80 |   111 |   186 ||   416
